 Dungeon Crawl Stone Soup version 0.21-a0-178-g0b87683 (webtiles) character file.

882 GordonOverkill the Cleaver (level 8, -3/61 HPs)
             Began as a Gnoll Gladiator on Aug 9, 2017.
             Was an Initiate of Makhleb.
             Slain by a hippogriff (4 damage)
             ... on level 5 of the Dungeon on Aug 10, 2017.
             The game lasted 00:11:31 (5663 turns).

GordonOverkill the Cleaver (Gnoll Gladiator)        Turns: 5663, Time: 00:11:31

Health: -3/61      AC:  9    Str:  7    XL:     8   Next: 5%
Magic:  8/8        EV:  8    Int:  7    God:    Makhleb [......]
Gold:   182        SH:  0    Dex:  7    Spells: 7/7 levels left

rFire    . . .     SeeInvis .   a - +0 war axe
rCold    . . .     Gourm    .   (no shield)
rNeg     . . .     Faith    .   l - +0 scale mail
rPois    .         Spirit   .   c - +0 helmet
rElec    .         Reflect  .   (no cloak)
rCorr    .         Harm     .   (no gloves)
MR       .....                  (no boots)
Stlth    ..........             (no amulet)
HPRegen  0.20/turn              g - ring of flight
MPRegen  0.11/turn              (no ring)

@: lethally poisoned (-3 -> -7), about to teleport
A: unchanging attributes, fangs 1, strong nose
a: Renounce Religion, Evoke Flight


You were on level 5 of the Dungeon.
You worshipped Makhleb.
Makhleb was noncommittal.
You were near starving.

You visited 2 branches of the dungeon, and saw 6 of its levels.

You collected 182 gold pieces.

Inventory:

Hand Weapons
 a - a +0 war axe (weapon)
Missiles
 d - a throwing net (quivered)
Armour
 c - a +0 helmet (worn)
 l - a +0 scale mail (worn)
Jewellery
 g - a ring of flight (left hand)
Wands
 e - a wand of disintegration (7/24)
 n - a wand of confusion (0/48)
Scrolls
 b - 2 scrolls of magic mapping
 k - 7 scrolls of remove curse
 v - a scroll of identify
 x - a scroll of enchant armour {unknown}
Potions
 h - a potion of ambrosia
 i - a potion of mutation
 j - 2 potions of curing
 o - a potion of might {unknown}
 p - 2 potions of invisibility {unknown}
 r - a potion of lignification {unknown}
 u - a potion of heal wounds {unknown}
Books
 w - a book of Changes

   Spells                             Type                      Level
   a - Beastly Appendage              Transmutation                1
   b - Sticks to Snakes               Transmutation                2
   c - Spider Form                    Transmutation/Poison         3
   d - Ice Form                       Ice/Transmutation            4
   e - Blade Hands                    Transmutation                5
Comestibles
 f - 5 bread rations
 m - 3 meat rations


   Skills:
 + Level 4.3 Fighting
 + Level 9.1 Axes
 - Level 2.6 Throwing
 + Level 7.2 Armour
 - Level 4.0 Dodging
 + Level 0.6 Evocations


You had 7 spell levels left.
You didn't know any spells.

Dungeon Overview and Level Annotations

Branches:
Dungeon (5/15)             Temple (1/1) D:4

Altars:
Cheibriados
Dithmenos
Elyvilon
Fedhas
Hepliaklqana
Kikubaaqudgha
Makhleb
Nemelex Xobeh
Okawaru
Qazlal
Ru
Sif Muna
Trog
Uskayaw
Vehumet
Wu Jian
Xom
Yredelemnul
Zin
The Shining One


Innate Abilities, Weirdness & Mutations

Your physical attributes are unchanging.
You have very sharp teeth.
Your uncanny sense of smell can sniff out nearby items.


Message History

The hippogriff pecks you.
* * * LOW HITPOINT WARNING * * *
The hippogriff closely misses you.
As you read the scroll labeled XYMAPOOLYIPT, it crumbles to dust.
You feel strangely unstable.
It was a scroll of teleportation.
The worker ant barely misses you. The hippogriff bites you!
* * * LOW HITPOINT WARNING * * *
The hippogriff pecks you but does no damage.
The hippogriff claws you.
* * * LOW HITPOINT WARNING * * *
As you read the scroll labeled OHUPNU LATSO, it crumbles to dust.
It is a scroll of amnesia.
You feel forgetful for a moment. The worker ant bites you.
* * * LOW HITPOINT WARNING * * *
You are lethally poisoned!
The worker ant poisons you!
The hippogriff bites you but does no damage.
The hippogriff pecks you but does no damage.
The hippogriff claws you.
You die...

..##...........###.##..#######..#
..##.####.####.#...##...........#
..##.#.......# #......#########.#
...#.#.##.##.#.#.###### #.#
.#.#.#.#...#.#.#.# ######.#
.#......._.......# ##......#
.###.#.#...#.#.#.# ##...##### .#
#.#.##.##.#.#a# ##.###.## .#
#.#...... # #@# #.## ##.### .#
#.####.### #H# #.# #.... .# #..
#.######.## ##.### ###
#.........###.## #.
#.########...## #.#
#.#########.## #.# #>##........#
### #.# #.##.######## #.. . #.#
#.##.# #.#


You could see a hippogriff (inner flame) and a worker ant (inner flame).

Vanquished Creatures
  Grinder (D:4)
  2 ogres
  An ice beast (D:5)
  A scorpion (D:4)
  A crimson imp (D:5)
  2 hounds (D:5)
  An iguana (D:5)
  5 worker ants (D:4)
  A howler monkey skeleton (D:5)
  5 adders
  2 oozes
  4 worms
  5 dart slugs
  2 leopard geckos
  4 orcs
  7 bats
  A giant cockroach (D:2)
  9 goblins
  5 hobgoblins
  4 jackals (D:4)
  3 quokkas
  4 frilled lizards (D:1)
  4 kobolds
  6 rats
80 creatures vanquished.

Notes
Turn   | Place    | Note
-------+----------+-------------------------------------------
     0 | D:1      | GordonOverkill the Gnoll Gladiator began the quest for the Orb.
     0 | D:1      | Reached XP level 1. HP: 17/17 MP: 1/1
   219 | D:1      | Reached XP level 2. HP: 24/24 MP: 2/2
   974 | D:1      | Reached XP level 3. HP: 27/30 MP: 3/3
  1389 | D:2      | Reached skill level 1 in Armour
  1793 | D:2      | Found a sparkling altar of Nemelex Xobeh.
  1818 | D:2      | Reached skill level 5 in Axes
  1930 | D:2      | Reached XP level 4. HP: 37/37 MP: 4/4
  3150 | D:3      | Found a snail-covered altar of Cheibriados.
  3285 | D:3      | Found a blossoming altar of Fedhas.
  3285 | D:3      | Found a glowing golden altar of the Shining One.
  3285 | D:3      | Found a bloodstained altar of Trog.
  3286 | D:3      | Found a radiant altar of Vehumet.
  3288 | D:3      | Found an ancient bone altar of Kikubaaqudgha.
  3370 | D:4      | Reached XP level 5. HP: 28/42 MP: 5/5
  3531 | D:4      | Reached skill level 6 in Axes
  3608 | D:4      | Found a staircase to the Ecumenical Temple.
  3613 | Temple   | Entered the Ecumenical Temple
  3725 | Temple   | Became a worshipper of Makhleb the Destroyer
  4120 | D:4      | Reached XP level 6. HP: 48/48 MP: 6/6
  4364 | D:4      | Noticed Grinder
  4392 | D:4      | Killed Grinder
  4392 | D:4      | Reached skill level 7 in Axes
  4392 | D:4      | Reached skill level 5 in Armour
  4392 | D:4      | Reached XP level 7. HP: 15/54 MP: 7/7
  4715 | D:4      | Reached skill level 8 in Axes
  5049 | D:5      | Entered Level 5 of the Dungeon
  5354 | D:5      | Found a sacrificial altar of Ru.
  5561 | D:5      | Reached skill level 9 in Axes
  5561 | D:5      | Reached XP level 8. HP: 60/60 MP: 8/8
  5628 | D:5      | Noticed a hippogriff
  5662 | D:5      | HP: 1/61 [hippogriff (3)]
  5663 | D:5      | Slain by a hippogriff

Vault maps used:
D:1:      minmay_arrival_four_loops, serial_bayou_pond_b
D:2:      nemelex_dance_club_becter
D:3:      minitemple, first_bread, kennysheep_slug_shrine
D:4:      minmay_temple_entry_statues_pillars, uniq_grinder
D:5:      nicolae_ru_sacrificial_ziggurat
Temple:   regret_index_temple_waves

Skill      XL: |  1  2  3  4  5  6  7 |
---------------+----------------------+-----
Fighting       | 3 4 |  4.3
Armour         | 1 2 3 5 7 |  7.2
Axes           | 5 6 7 9 |  9.1
Throwing       | |  2.6
Dodging        | |  4.0
Evocations     | |  0.6

Action                   |  1- 3 |  4- 6 |  7- 9 || total
-------------------------+-------+-------+-------++-------
Melee: War axe           |   138 |   208 |   100 ||   446
       Bite              |     6 |     9 |     6 ||    21
Throw: Throwing net      |       |       |     3 ||     3
Evoke: Wand              |       |     3 |     2 ||     5
  Use: Scroll            |       |     4 |     4 ||     8
       Potion            |       |       |     1 ||     1
 Stab: Confused          |       |     1 |     1 ||     2
  Eat: Chunk             |     3 |     8 |     1 ||    12
       Royal jelly       |       |       |     1 ||     1
Armor: Leather armour    |    10 |       |       ||    10
       Scale mail        |    52 |   124 |    56 ||   232
Dodge: Dodged            |    79 |    99 |    40 ||   218
